 Seeded DCSS version 0.30.1-9-gdf580d7c3d (webtiles) character file.

Game seed: 6351066067085065685 (custom seed)

1297 Esekla the Thaumaturge (level 8, -5/41 HPs)
             Began as a Deep Elf Wanderer on Oct 21, 2023.
             Was a Believer of Vehumet.
             Slain by Crazy Yiuf
             ... wielding a +4 quarterstaff of chaos
              (7 damage)
             ... on level 7 of the Dungeon on Oct 22, 2023.
             The game lasted 00:43:57 (4970 turns).

Esekla the Thaumaturge (Deep Elf Wanderer)          Turns: 4970, Time: 00:43:58

Health: -5/41      AC:  4    Str: 11    XL:     8   Next: 31%
Magic:  21/24      EV: 13    Int: 21    God:    Vehumet [**....]
Gold:   338        SH:  4    Dex: 14    Spells: 20/27 levels left

rFire   . . .        s - +5 rapier of the Hero {heavy, rN+ Dex+3}
rCold   . . .        d - +0 buckler
rNeg    + . .        c - +0 robe
rPois   .            m - +0 helmet
rElec   .            (no cloak)
rCorr   .            l - +0 pair of gloves
SInv    .            (no boots)
Will    .....        z - amulet of magic regeneration
Stlth   ++           (no ring)
HPRegen 0.26/turn    (no ring)
MPRegen 0.59/turn

%: no passive effects
@: no status effects
A: no striking features
a: Renounce Religion


You were on level 7 of the Dungeon.
You worshipped Vehumet.
Vehumet was pleased with you.
You visited 1 branch of the dungeon, and saw 7 of its levels.

You collected 338 gold pieces.

Inventory:

Hand Weapons
 a - a +2 vampiric dagger
 r - a +0 trident
 s - the +5 rapier of the Hero (weapon) {heavy, rN+ Dex+3}
   (You found it on level 3 of the Dungeon)

   Dex:       It affects your dexterity (+3).
   rN:        It protects you from negative energy.
Missiles
 v - 22 poisoned darts (quivered)
Armour
 c - a +0 robe (worn)
 d - a +0 buckler (worn)
 l - a +0 pair of gloves (worn)
 m - a +0 helmet (worn)
Jewellery
 z - an amulet of magic regeneration (around neck)
Wands
 i - a wand of roots (16)
 A - a wand of flame (15)
Scrolls
 g - 6 scrolls of identify {unknown}
 o - 2 scrolls of amnesia {unknown}
 p - a scroll of enchant armour {unknown}
 q - a scroll of immolation {unknown}
 u - 2 scrolls of fog {unknown}
 w - 2 scrolls of blinking {unknown}
 x - a scroll of silence {unknown}
 y - a scroll of magic mapping {unknown}
 B - 2 scrolls of fear
 C - 3 scrolls of enchant weapon {unknown}
 D - a scroll of summoning {unknown}
 E - a scroll of teleportation {unknown}
Potions
 b - 2 potions of lignification
 e - 2 potions of ambrosia {unknown}
 f - 3 potions of attraction {unknown}
 h - 2 potions of heal wounds {unknown}
 j - 6 potions of curing {unknown}
 k - a potion of haste {unknown}
 n - a potion of mutation {unknown}
 t - 3 potions of brilliance {unknown}


   Skills:
 + Level 1.6 Short Blades
 + Level 0.9 Throwing
 * Level 4.4 Dodging
 + Level 2.0 Stealth
 + Level 2.0 Shields
 * Level 10.1 Spellcasting
 + Level 1.5 Conjurations
 * Level 5.3 Necromancy
 + Level 2.9 Translocations
 + Level 1.0 Invocations


You had 20 spell levels left.
You knew the following spells:

 Your Spells              Type           Power      Damage    Failure   Level
a - Magic Dart            Conj           68%        1d6       4%          1
b - Blink                 Tloc           46%        N/A       4%          2
d - Vampiric Draining     Necr           33%        2d8       3%          3
p - Apportation           Tloc           46%        N/A       2%          1

Your spell library contained the following spells:

 Spells                   Type           Power      Damage    Failure   Level
 Foxfire                  Conj/Fire      52%        2x1d6     7%          1
 Lesser Beckoning         Tloc           46%        N/A       4%          2
 Gell's Gravitas          Tloc           23%        N/A       8%          3
 Teleport Other           Tloc           23%        N/A       8%          3
 Ignite Poison            Fire/Tmut/Pois 10%        N/A       26%         3
 Spider Form              Tmut/Pois      10%        N/A       26%         3
 Cause Fear               Hex            5%         N/A       65%         4
 Summon Mana Viper        Hex/Summ       10%        N/A       94%         5


Dungeon Overview and Level Annotations

Branches:
Dungeon (7/15)             Temple (0/1) D:6

Altars:
Dithmenos
Fedhas
Hepliaklqana
Okawaru
Qazlal
Trog
Vehumet
Zin
The Shining One

Shops:
D:2 =   D:4 (

Annotations:
D:7 Crazy Yiuf


Message History

You hit the white imp.
The white imp is lightly wounded.
The white imp gestures at you. The puff of frost misses you.
The puff of frost hits you!
The white imp hits you but does no damage.
You hit the white imp.
The white imp is severely wounded.
The white imp gestures at you. The puff of frost misses you.
The puff of frost hits you. The white imp barely misses you.
You puncture the white imp!
You kill the white imp!
Vehumet accepts your kill.
You see here a +0 ring mail.
A lemure comes into view.
Found 2 scrolls labelled OPUZOUSOET.
Found a scale mail.
Found a stone staircase leading down.
There is a stone staircase leading down here.
You climb downwards.
Found a spear and a leather armour.
There is a stone staircase leading up here.
You see here a +0 spear.
Found a hammer.
Found a runed translucent door.
Crazy Yiuf shouts!
Crazy Yiuf whimpers, "Gnoll mobile down!"
You open the door. You closely miss Crazy Yiuf.
Crazy Yiuf hits you with a +4 quarterstaff of chaos!!
Crazy Yiuf freezes you!
Casting: Blink (safe; 4% risk of failure)
Confirm with . or Enter, or press ? or * to list all spells.
Aiming: Vampiric Draining (dangerous; 3% risk of failure)
Press: ? - help, Shift-Dir - straight line, f - Crazy Yiuf
Aim: Crazy Yiuf, wielding a +4 quarterstaff of chaos and wearing a +0 cloak You draw life force from Crazy Yiuf!
You feel life coursing into your body.
Crazy Yiuf hits you with a +4 quarterstaff of chaos!!
* * * LOW HITPOINT WARNING * * *
Crazy Yiuf freezes you!
You die...

#..<# #..)# #...#
##.[# ##.#
♣♣♣♣♣###.# ###
♣♣♣.♣......#
#...#♣..♣..♣....#
#...g@♣♣♣♣......#
#)..#♣♣ ♣♣.....#
### ♣♣##..# #..#
#..# #...


You could see Crazy Yiuf.

Vanquished Creatures
  An ice beast (D:6)
  A sky beast (D:6)
  A black bear (D:6)
  An ogre (D:5)
  Blork the orc (D:6)
  A kobold brigand (D:6)
  2 scorpions (D:5)
  A gnoll bouda (D:4)
  5 hounds
  A jelly (D:6)
  A sleepcap (D:5)
  5 iguanas
  12 gnolls
  9 adders
  3 white imps
  An ufetubus (D:6)
  A worm (D:4)
  3 dart slugs
  11 orcs
  4 endoplasms
  7 goblins
  5 hobgoblins
  A quokka (D:1)
  6 ball pythons
  4 bats
  4 frilled lizards
  12 kobolds
  A rat (D:2)
105 creatures vanquished.

Notes
Turn   | Place    | Note
-------+----------+-------------------------------------------
     0 | D:1      | Esekla the Deep Elf Wanderer began the quest for the Orb.
     0 | D:1      | Esekla set off with the following items: a +0 club, a
                  | potion of lignification, a +0 robe, a +0 buckler; and the
                  | following spells available to memorise: Apportation, Blink,
                  | Lesser Beckoning, Magic Dart, Ignite Poison, Vampiric
                  | Draining.
     0 | D:1      | Reached XP level 1. HP: 10/10 MP: 7/7
     2 | D:1      | Learned a level 1 spell: Magic Dart
     4 | D:1      | Learned a level 1 spell: Apportation
   264 | D:2      | Found Renulab's Jewellery Shop.
   436 | D:4      | Found a radiant altar of Vehumet.
   444 | D:4      | Found an iron altar of Okawaru.
   455 | D:4      | Found a glowing silver altar of Zin.
   539 | D:4      | Became a worshipper of Vehumet
   703 | D:3      | Reached skill level 5 in Spellcasting
   737 | D:3      | Reached XP level 2. HP: 15/15 MP: 6/10
   740 | D:3      | Learned a level 2 spell: Blink
  1014 | D:3      | Identified the +5 rapier of the Hero {heavy, rN+ Dex+3}
  1142 | D:2      | Reached skill level 1 in Necromancy
  1266 | D:1      | Reached XP level 3. HP: 19/19 MP: 1/11
  1270 | D:1      | Learned a level 3 spell: Vampiric Draining
  1458 | D:1      | Reached * piety under Vehumet
  1458 | D:1      | Offered knowledge of Kiss of Death by Vehumet.
  1554 | D:1      | Reached skill level 1 in Dodging
  1635 | D:2      | Found a faded altar of an unknown god.
  1668 | D:2      | Reached XP level 4. HP: 24/24 MP: 9/13
  1760 | D:2      | Reached skill level 6 in Spellcasting
  2070 | D:3      | Found a stormy altar of Qazlal.
  2107 | D:3      | Reached skill level 1 in Conjurations
  2107 | D:3      | Reached XP level 5. HP: 13/28 MP: 1/16
  2219 | D:3      | Found a bloodstained altar of Trog.
  2222 | D:3      | Found a hazy altar of Hepliaklqana.
  2473 | D:5      | Entered Level 5 of the Dungeon
  2476 | D:5      | Got the Parchment of the Lumpy Olives
  2498 | D:5      | Found a shadowy altar of Dithmenos.
  2652 | D:5      | Reached skill level 7 in Spellcasting
  2652 | D:5      | Reached XP level 6. HP: 25/32 MP: 14/18
  2984 | D:4      | Found Ponaysk's Antique Weapon Boutique.
  3145 | D:4      | Found a glowing golden altar of the Shining One.
  3282 | D:4      | Reached skill level 8 in Spellcasting
  3656 | D:5      | Reached skill level 1 in Short Blades
  3656 | D:5      | Reached XP level 7. HP: 33/36 MP: 18/20
  3971 | D:5      | Offered knowledge of Foxfire by Vehumet.
  4106 | D:6      | Reached ** piety under Vehumet
  4107 | D:6      | Reached skill level 9 in Spellcasting
  4215 | D:6      | Noticed Blork the orc
  4282 | D:6      | Found a blossoming altar of Fedhas.
  4304 | D:6      | Reached XP level 8. HP: 41/41 MP: 13/23
  4447 | D:6      | Found a staircase to the Ecumenical Temple.
  4694 | D:6      | Killed Blork the orc
  4695 | D:6      | Reached skill level 5 in Necromancy
  4728 | D:6      | Reached skill level 10 in Spellcasting
  4964 | D:7      | Found a runed translucent door.
  4965 | D:7      | Noticed Crazy Yiuf
  4970 | D:7      | HP: 2/41 [Crazy Yiuf/+4 quarterstaff of chaos (19)]
  4970 | D:7      | Slain by Crazy Yiuf

Illustrated notes

Levels and vault maps discovered:
D:1:      sevenhm_arrival_forest_fort_small_3, layout_rooms,
          chequers_serial_rivers_room_b, minmay_misc_feat_five
D:2:      layout_loops_ring, dreamdust_ecumenical_altar_angels_and_demons,
          serial_shops, shop
D:3:      layout_basic, grunt_temple_overflow_open, minmay_misc_feat_iff
D:4:      layout_basic, nicolae_overflow_quartered_altars, serial_shops,
          nicolae_diamond_shop
D:5:      layout_loops_ring, lemuel_doored_altar, minmay_misc_feat_rows,
          dreamdust_wishing_well
D:6:      layout_loops_cross, fedhas_altar_fruit_tree,
          minmay_temple_entry_glass, uniq_pikel, uniq_blork_the_orc
D:7:      layout_basic, uniq_menkaure, uniq_joseph, uniq_crazy_yiuf_cottage

Skill      XL: |  1  2  3  4  5  6  7  8 |
---------------+-------------------------+-----
Spellcasting   | 5 6 7 8 9 10 | 10.1
Necromancy     | 1 2 3 4 5 |  5.3
Dodging        | 2 3 4 |  4.4
Conjurations   | 1 |  1.5
Short Blades   | 1 |  1.6
Stealth        | 2 |  2.0
Shields        | 2 |  2.0
Throwing       | |  0.9
Translocations | |  2.9
Invocations    | |  1.0

Action                     |  1- 3 |  4- 6 |  7- 9 || total
---------------------------+-------+-------+-------++-------
  Melee: Short sword       |    19 |       |       ||    19
         Rapier            |    28 |    70 |    28 ||   126
         Dagger            |       |     9 |    71 ||    80
  Throw: Dart              |     4 |    17 |    11 ||    32
   Cast: Apportation       |    28 |    34 |    26 ||    88
         Magic Dart        |    50 |    38 |    15 ||   103
         Vampiric Draining |     2 |    23 |    29 ||    54
         Blink             |     1 |       |     1 ||     2
    Use: Scroll            |     1 |       |       ||     1
   Stab: Sleeping          |     2 |     1 |     3 ||     6
 Armour: Robe              |    20 |    14 |    24 ||    58
  Dodge: Dodged            |    33 |    56 |    60 ||   149
  Block: Buckler           |    15 |    23 |    23 ||    61
